 Dungeon Crawl Stone Soup version 0.28.0-45-g0d030f2227 (webtiles) character file.

Game seed: 3515252435266473221

37 Zeld the Grave Robber (level 3, -2/28 HPs)
             Began as a Deep Dwarf Necromancer on Apr 14, 2022.
             Killed from afar by Natasha (6 damage)
             ... with a magic dart
             ... on level 2 of the Dungeon.
             The game lasted 00:03:44 (1742 turns).

Zeld the Grave Robber (Deep Dwarf Necromancer)      Turns: 1742, Time: 00:03:45

Health: -2/28      AC:  2    Str: 11    XL:     3   Next: 21%
Magic:  2/6        EV: 12    Int: 17    God:
Gold:   60         SH:  0    Dex: 13    Spells: 1/6 levels left

rFire   . . .      SeeInvis .   (no weapon)
rCold   . . .      Faith    .   (no shield)
rNeg    . . .      Spirit   .   a - +0 robe
rPois   .          Reflect  .   (no helmet)
rElec   .          Harm     .   (no cloak)
rCorr   .          Rampage  .   (no gloves)
Will    .....                   (no boots)
Stlth   ++........              (no amulet)
HPRegen 0.00/turn               (no ring)
MPRegen 0.10/turn               (no ring)

@: slowed, very slow
A: damage resistance, heal wounds, sense surroundings 1, no regeneration
a: Heal Wounds


You were on level 2 of the Dungeon.
You visited 1 branch of the dungeon, and saw 2 of its levels.

You collected 60 gold pieces.

Inventory:

Armour
 a - a +0 robe (worn)
Scrolls
 b - 2 scrolls of identify {unknown}
 e - a scroll of enchant weapon {unknown}
Potions
 c - 2 potions of curing
 d - a potion of haste {unknown}


   Skills:
 + Level 2.6 Dodging
 + Level 3.1 Stealth
 + Level 2.1 Spellcasting
 * Level 4.9 Necromancy


You had one spell level left.
You knew the following spells:

 Your Spells              Type           Power      Damage    Failure   Level
a - Pain                  Necr           72%        1d7       2%          1
b - Animate Skeleton      Necr           36%        N/A       2%          1
c - Vampiric Draining     Necr           18%        2d7       8%          3

Your spell library contained the following spells:

 Spells                   Type           Power      Damage    Failure   Level
 Animate Dead             Necr           9%         N/A       26%         4
 Agony                    Necr           18%        N/A       56%         5


Dungeon Overview and Level Annotations

Branches:
Dungeon (2/15)

Altars:

Annotations:
D:2 Natasha


Innate Abilities, Weirdness & Mutations

You are resistant to damage.
You can heal yourself by infusing magical energy.
You passively map a small area around you.
You do not regenerate.


Message History

Natasha mumbles some strange words.
Casting: Vampiric Draining (quite dangerous; 8% risk of failure)
Confirm with . or Enter, or press ? or * to list all spells.
The spell is quite dangerous to miscast (8% risk of failure)!
Continue anyway?
Aiming: Vampiric Draining (quite dangerous; 8% risk of failure)
Press: ? - help, Shift-Dir - straight line, f - Natasha
Aim: Natasha You draw life force from Natasha!
You feel life coursing into your body.
Natasha drinks a potion.
Natasha is healed!
Unknown command.
Casting: Vampiric Draining (quite dangerous; 8% risk of failure)
Confirm with . or Enter, or press ? or * to list all spells.
The spell is quite dangerous to miscast (8% risk of failure)!
Continue anyway?
Aiming: Vampiric Draining (quite dangerous; 8% risk of failure)
Press: ? - help, Shift-Dir - straight line, f/p - Natasha
Aim: Natasha (lightly wounded)
You draw life force from Natasha.
Natasha claws you.
Unknown command.
Natasha closely misses you. The white imp gestures at you.
The puff of frost hits you. Natasha casts a spell at you.
The magic dart hits you. The white imp gestures at you.
The puff of frost hits you. Natasha casts a spell at you.
You resist with some effort.
The white imp disappears in a puff of smoke!
Natasha casts a spell at you. The magic dart hits you!
Natasha stares at you and mumbles some strange words.
You feel yourself slow down.
You hit Natasha but do no damage.
Natasha is heavily wounded.
Natasha claws you. Natasha claws you!
* * * LOW HITPOINT WARNING * * *
Natasha completely misses you.
Natasha stares at you and mumbles some strange words.
The magic dart hits you!
You die...

#.# #.......# ##### #.##
#w##.##.# ....####..####
#.##.##.#
.............########
#.......#
...##..##.#..##.....##
####†####
...##..##.#..#.......# #.#
.......#..#..#.......# #.#
##.##..#.##..#.......# #.#
##.##..#.##.>#..@....######.#
.............#h##.##.#......#
...##....#####.......#.####.#
..†##....# #.......#.##...#
.).......# #..#.#..#.##.#.#
##.##..#.#####.......#.##.#.#
#.##.#..#..................#
#........................###
#..######...#.......######


You could see Natasha.

Vanquished Creatures
  2 worms (D:2)
  2 endoplasms
  3 goblins
  3 hobgoblins
  4 jackals (D:1)
  2 kobolds (D:1)
  2 quokkas
  3 ball pythons
  2 frilled lizards
  4 rats
27 creatures vanquished.

Vanquished Creatures (collateral kills)
  A ball python (D:1)
  A rat (D:1)
2 creatures vanquished.

Vanquished Creatures (others)
  A plant (D:1)
1 creature vanquished.

Grand Total: 30 creatures vanquished

Notes
Turn   | Place    | Note
-------+----------+-------------------------------------------
     0 | D:1      | Zeld the Deep Dwarf Necromancer began the quest for the
                  | Orb.
     0 | D:1      | Reached XP level 1. HP: 15/15 MP: 3/3
     2 | D:1      | Learned a level 1 spell: Animate Skeleton
   274 | D:1      | Reached XP level 2. HP: 16/22 MP: 1/4
   565 | D:1      | Found a faded altar of an unknown god.
  1394 | D:2      | Reached XP level 3. HP: 20/28 MP: 4/6
  1398 | D:2      | Learned a level 3 spell: Vampiric Draining
  1714 | D:2      | Noticed Natasha
  1742 | D:2      | Killed from afar by Natasha

Illustrated notes

Levels and vault maps discovered:
D:1:      eino_arrival_water_cross, layout_basic,
          ebering_ecumenical_altar_petrified, kennysheep_minor_cross
D:2:      layout_loops_cross, st_stairs_9, hangedman_abyss_or_decor_lesser_grid,
          uniq_natasha

Skill      XL: |  1  2 |
---------------+-------+-----
Spellcasting   | 2 |  2.1
Stealth        | 3 |  3.1
Dodging        | |  2.6
Necromancy     | |  4.9

Action                   || total
-------------------------++-------
Melee: Unarmed           ||    29
 Cast: Pain              ||    40
       Animate Skeleton  ||     4
       Vampiric Draining ||     7
Armor: Robe              ||    12
Dodge: Dodged            ||    23
